 Dungeon Crawl Stone Soup version 0.23-a0-143-g1adec7b (webtiles) character file.

63 nubinia the Grave Robber (level 3, -3/19 HPs)
             Began as a Deep Elf Necromancer on Sept 2, 2018.
             Killed by divine providence
             ... invoked by an orc priest
              (16 damage)
             ... on level 2 of the Dungeon.
             The game lasted 00:12:08 (2249 turns).

nubinia the Grave Robber (Deep Elf Necromancer)     Turns: 2249, Time: 00:12:09

Health: -3/19      AC:  3    Str:  5    XL:     3   Next: 87%
Magic:  10/10      EV: 13    Int: 20    God:
Gold:   106        SH:  0    Dex: 15    Spells: 2/10 levels left

rFire    . . .     SeeInvis .   h - +0 dagger
rCold    . . .     Gourm    .   (no shield)
rNeg     . . .     Faith    .   a - +0 robe
rPois    .         Spirit   .   (no helmet)
rElec    .         Reflect  .   b - +0 cloak
rCorr    .         Harm     .   (no gloves)
MR       .....                  (no boots)
Stlth    ++........             (no amulet)
HPRegen  0.06/turn              (no ring)
MPRegen  0.12/turn              (no ring)

@: no status effects
A: no striking features
a: no special abilities


You were on level 2 of the Dungeon.
You were not hungry.

You visited 1 branch of the dungeon, and saw 3 of its levels.

You collected 106 gold pieces.

Inventory:

Hand Weapons
 h - a +0 dagger (weapon)
Armour
 a - a +0 robe (worn)
 b - a +0 cloak (worn)
Scrolls
 d - 2 scrolls of teleportation
 e - a scroll of identify
 j - a scroll of remove curse {unknown}
 m - a scroll of immolation {unknown}
Potions
 f - a potion of agility {unknown}
 g - a potion of curing {unknown}
 i - 2 potions of brilliance
 k - a potion of resistance {unknown}
 l - a potion of mutation
Comestibles
 c - 6 rations
 n - 7 chunks of flesh


   Skills:
 + Level 0.4 Short Blades
 + Level 2.4 Dodging
 + Level 2.6 Stealth
 + Level 4.3 Spellcasting
 + Level 0.1 Charms
 + Level 5.8 Necromancy


You had 2 spell levels left.
You knew the following spells:

 Your Spells              Type           Power        Failure   Level  Hunger
a - Pain                  Necr           ####         1%          1    None
b - Vampiric Draining     Necr           ####......   3%          3    ###....
r - Regeneration          Chrm/Necr      ###.......   11%         3    ###....
S - Animate Skeleton      Necr           N/A          1%          1    None

Your spell library contained the following spells:

 Spells                   Type           Power        Failure   Level  Hunger
 Animate Dead             Necr           N/A          12%         4    ####...


Dungeon Overview and Level Annotations

Branches:
Dungeon (3/15)

Altars:

Annotations:
D:2 1 runed door, Robin


Message History

You hit the dart slug but do no damage. You hit the dart slug.
The dart slug is moderately wounded.
Your goblin skeleton hits the dart slug with a club.
The dart slug closely misses you.
You hit the dart slug but do no damage.
The dart slug is heavily wounded.
Your goblin skeleton hits the dart slug with a club.
The dart slug misses you.
You hit the dart slug.
The dart slug is almost dead.
Your goblin skeleton hits the dart slug with a club.
The dart slug dies!
Found an escape hatch in the ceiling.
Found 11 arrows.
Found 15 poisoned needles.
The orc priest calls down the wrath of Beogh upon you.
Beogh smites you!
Ouch! That really hurt!
You die...

.##....#.#.#
.#.....#.#.#######
###..........ZZ..#
# ##.###########.#
# #.# #Z# # #.#
#.# # #'# #Z# # ..
#####Z### #
#.(..@..# # ..
#.#.#.#.# ....
.....#(# ........
.......#.# ...g...
###...<.o.# .....
#.#.##..# ..g #.##
..# .g. # ..# #'#


You could see an orc priest, 2 friendly goblin skeletons and a friendly orc
skeleton.

Vanquished Creatures
  An ooze (D:1)
  A dart slug (D:1)
  A leopard gecko (D:2)
  4 orcs (D:2)
  A ball python (D:2)
  3 bats (D:1)
  2 giant cockroaches
  8 goblins
  8 hobgoblins
  4 jackals (D:1)
  2 kobolds
  A frilled lizard (D:1)
  6 rats
42 creatures vanquished.

Vanquished Creatures (collateral kills)
  A dart slug (D:2)
  3 goblins (D:2)
  A frilled lizard (D:2)
5 creatures vanquished.

Grand Total: 47 creatures vanquished

Notes
Turn   | Place    | Note
-------+----------+-------------------------------------------
     0 | D:1      | nubinia the Deep Elf Necromancer began the quest for the
                  | Orb.
     0 | D:1      | Reached XP level 1. HP: 10/10 MP: 6/6
    22 | D:1      | Learned a level 1 spell: Animate Skeleton
   138 | D:1      | Reached skill level 5 in Necromancy
   236 | D:1      | Reached XP level 2. HP: 12/15 MP: 6/8
   852 | D:1      | Reached XP level 3. HP: 13/19 MP: 5/10
   857 | D:1      | Learned a level 3 spell: Vampiric Draining
   861 | D:1      | Learned a level 3 spell: Regeneration
  1763 | D:2      | Found a runed door.
  1817 | D:2      | Noticed Robin
  2249 | D:2      | Killed from afar by an orc priest

Vault maps used:
D:1:      sevenhm_arrival_forest_fort_small_3
D:2:      cheibrodos_pilgrimage, uniq_crazy_yiuf_cottage, uniq_robin
D:3:      old_standard_altar

Skill      XL: |  1  2  3 |
---------------+----------+-----
Necromancy     | 5 |  5.8
Spellcasting   | 4 |  4.3
Short Blades   | |  0.4
Dodging        | |  2.4
Stealth        | |  2.6
Charms         | |  0.1

Action                   || total
-------------------------++-------
Melee: Dagger            ||    32
 Cast: Pain              ||    53
       Animate Skeleton  ||    15
       Vampiric Draining ||     2
       Regeneration      ||     1
  Use: Scroll            ||     3
 Stab: Sleeping          ||     2
  Eat: Chunk             ||     5
Armor: Robe              ||     6
Dodge: Dodged            ||    18

Table legend:
 A = Non-vault XP
 B = Vault XP
 C = Vault XP percentage of total XP
 D = Non-vault monster count
 E = Vault monster count
 F = Vault count percentage of total count
                 A         B        C        D         E       F
            +---------+---------+-------+---------+---------+-------
      Total |      67 |      23 |  25.6 |      36 |      11 |  23.4
            +---------+---------+-------+---------+---------+-------
        D:1 |      48 |       0 |   0.0 |      26 |       0 |   0.0
        D:2 |      19 |      23 |  54.8 |      10 |      11 |  52.4
            +---------+---------+-------+---------+---------+-------
